 Dungeon Crawl Stone Soup version 0.21-a0-591-g2314aa1 (webtiles) character file.

17 Amnesiac the Digger (level 2, -1/15 HPs)
             Began as a Deep Elf Earth Elementalist on Dec 22, 2017.
             Slain by a leopard gecko (5 damage)
             ... on level 1 of the Dungeon.
             The game lasted 00:00:11 (261 turns).

Amnesiac the Digger (Deep Elf Earth Elementalist)    Turns: 261, Time: 00:00:12

Health: -1/15      AC:  2    Str:  5    XL:     2   Next: 44%
Magic:  4/8        EV: 13    Int: 19    God:
Gold:   46         SH:  0    Dex: 15    Spells: 6/7 levels left

rFire    . . .     SeeInvis .   (no weapon)
rCold    . . .     Gourm    .   (no shield)
rNeg     . . .     Faith    .   c - +0 robe
rPois    .         Spirit   .   (no helmet)
rElec    .         Reflect  .   (no cloak)
rCorr    .         Harm     .   (no gloves)
MR       .....                  (no boots)
Stlth    ++........             (no amulet)
HPRegen  0.05/turn              (no ring)
MPRegen  0.11/turn              (no ring)

@: no status effects
A: no striking features
a: no special abilities


You were on level 1 of the Dungeon.
You were not hungry.

You visited 1 branch of the dungeon, and saw 1 of its levels.

You collected 46 gold pieces.

Inventory:

Missiles
 b - 16 stones (quivered)
Armour
 c - a +0 robe (worn)
Scrolls
 f - a scroll of identify {!r, unknown}
 g - a scroll of teleportation {!r, unknown}
Books
 e - a book of Geomancy

   Spells                             Type                      Level
   a - Sandblast                      Earth                        1
   b - Passwall                       Transmutation/Earth          2
   c - Stone Arrow                    Conjuration/Earth            3
   d - Petrify                        Transmutation/Earth          4
   e - Lee's Rapid Deconstruction     Earth                        5
Comestibles
 a - 4 chunks of flesh
 d - a ration


   Skills:
 - Level 2.4 Dodging
 - Level 2.4 Stealth
 + Level 3.4 Spellcasting
   Level 1.1 Transmutations
 * Level 4.0 Earth Magic


You had 6 spell levels left.
You knew the following spells:

 Your Spells              Type           Power        Failure   Level  Hunger
a - Sandblast             Erth           ###...       2%          1    None


Dungeon Overview and Level Annotations

Branches:
Dungeon (1/15)

Altars:


Message History

A bat and a kobold come into view.
Found a short sword.
An ooze comes into view.
Casting: Sandblast
Confirm with . or Enter, or press ? or * to list all spells.
You can't see any susceptible monsters within range! (Use Z to cast anyway.)
There are monsters nearby!
The kobold shouts!
You hear a bark! x2
The bat barely misses you.
Casting: Sandblast
Confirm with . or Enter, or press ? or * to list all spells.
Aiming: Sandblast
Press: ? - help, Shift-Dir - straight line, f - bat
Aim: a bat The blast of sand hits the bat.
You kill the bat!
b - 19 stones The ooze quivers.
The kobold throws a stone.
The stone hits you but does no damage.
A jackal comes into view.
There are monsters nearby!
A leopard gecko and 2 jackals come into view.
The kobold closely misses you.
You see here a bat corpse.
Casting: Sandblast
Confirm with . or Enter, or press ? or * to list all spells.
Aiming: Sandblast
Press: ? - help, Shift-Dir - straight line, f - kobold
Aim: a kobold, wielding a whip The blast of sand hits the kobold.
You kill the kobold!
b - 18 stones The leopard gecko hisses angrily.
The jackal barks! x2
There are monsters nearby!
The jackal bites you.
Casting: Sandblast
Confirm with . or Enter, or press ? or * to list all spells.
Aiming: Sandblast
Press: ? - help, Shift-Dir - straight line, f - jackal
Aim: a jackal The blast of sand hits the jackal.
You kill the jackal!
Your Earth Magic skill increases to level 4!
b - 17 stones The ooze closely misses you.
There are monsters nearby!
You hit the ooze.
The ooze is lightly wounded.
The ooze hits you.
The jackal bites you but does no damage.
The leopard gecko bites you.
* * * LOW HITPOINT WARNING * * *
Casting: Sandblast
Confirm with . or Enter, or press ? or * to list all spells.
Aiming: Sandblast
Press: ? - help, Shift-Dir - straight line, f - jackal
Aim: a jackal The blast of sand hits the jackal.
You kill the jackal!
b - 16 stones The jackal misses you.
The ooze hits you.
* * * LOW HITPOINT WARNING * * *
The leopard gecko bites you.
You die...

#..
#.....>....####.#
#. #..>.......#
#.##
###.###..##.#####
#.>.
#.......###.#
####
#.#.####....#
#......####
##..(..##
#).†...####
#.)@†...... ###
#.lJh..#### ...
#......# ###
#........
##.........
..........
..........
#..........


You could see an ooze, a leopard gecko and a jackal.

Vanquished Creatures
  2 goblins (D:1)
  2 hobgoblins (D:1)
  2 jackals (D:1)
  5 bats (D:1)
  A frilled lizard (D:1)
  3 kobolds (D:1)
  A rat (D:1)
16 creatures vanquished.

Notes
Turn   | Place    | Note
-------+----------+-------------------------------------------
     0 | D:1      | Amnesiac the Deep Elf Earth Elementalist began the quest for the Orb.
     0 | D:1      | Reached XP level 1. HP: 10/10 MP: 6/6
    87 | D:1      | Reached XP level 2. HP: 9/15 MP: 4/8
   259 | D:1      | Reached skill level 4 in Earth Magic
   261 | D:1      | Slain by a leopard gecko

Vault maps used:
D:1:      dpeg_arrival_simpleton_c

Skill      XL: |  1  2 |
---------------+-------+-----
Earth Magic    | 4 |  4.0
Dodging        | |  2.4
Stealth        | |  2.4
Spellcasting   | |  3.4
Transmutations | |  1.1

Action                   || total
-------------------------++-------
Melee: Unarmed           ||     3
 Cast: Sandblast         ||    18
Armor: Robe              ||     3
Dodge: Dodged            ||     8

Table legend:
 A = Spawn XP
 B = Non-spawn XP
 C = Spawn XP percentage of total XP
 D = Spawn monster count
 E = Non-spawn monster count
 F = Spawn count percentage of total count
 G = Total turns spent on level
                    A         B        C        D         E        F      G
               +---------+---------+-------+---------+---------+-------+---------
         Total |       0 |      25 |   0.0 |       0 |      16 |   0.0 |   261
               +---------+---------+-------+---------+---------+-------+---------
           D:1 |       0 |      25 |   0.0 |       0 |      16 |   0.0 |   261
               +---------+---------+-------+---------+---------+-------+---------
